Map: [TLMC15] Berlingrad

Players

Rogue - Winner!

  • Race: Zerg Zerg

Scarlett

  • Race: Zerg Zerg

Event: DreamHack SC2 Masters 2021 Winter

VOD

Have the link to the VOD?

Description

Time

  • Played on: Nov. 14, 2021, 9:33 a.m.
  • Length: 4:45

All games in this series

Show
View Real Time Build Order
Export as new Build Order

Rogue Zerg - Winner!

Build Orders: Pool First 

Get SALT Encoding   

  12  0:17  Spawning Pool  
  11  0:21  Drone  
  11  0:25  Drone  
  13  0:30  Drone  
  14  0:40  Overlord  
  14  0:52  Extractor  
  13  1:04  Zergling x4  
  13  1:05  Zergling x2  
  16  1:16  Zergling x2  
  17  1:23  Hatchery  
  16  1:28  Zergling x2  
  17  1:38  Zergling x2  
  18  1:52  Metabolic Boost  
  18  1:59  Queen  
  20  2:05  Zergling x2  
  21  2:13  Overlord  
  20  2:18  Zergling x2  
  21  2:25  Zergling x2  
  20  2:32  Zergling x2  
  21  2:38  Zergling x2  
  22  2:47  Zergling x2  
  22  2:48  Zergling x2  
  24  2:53  Zergling x2  
  25  3:00  Zergling x2  
  25  3:07  Zergling x6  
  25  3:10  Zergling x4  
  30  3:15  Zergling x2  
  30  3:19  Zergling x2  
  32  3:28  Overlord  
  32  3:29  Zergling x2  
  31  3:38  Zergling x2  
  31  3:40  Zergling x2  
  32  3:42  Zergling x2  
  32  3:45  Zergling x2  
  31  3:49  Zergling x2  
  31  3:55  Zergling x2  
  28  3:59  Zergling x2  
  28  4:01  Zergling x2  
  28  4:07  Zergling x2  
  29  4:12  Zergling x2  
  29  4:15  Zergling x2  
  28  4:20  Zergling x2  
  26  4:25  Zergling x2  
  26  4:28  Zergling x2  
Show
View Real Time Build Order
Export as new Build Order

Scarlett Zerg 

Build Orders: Hatch First 

Get SALT Encoding   

  12  0:00  Drone  
  13  0:12  Overlord  
  13  0:17  Drone  
  14  0:30  Drone x2  
  16  0:46  Hatchery  
  15  0:51  Drone  
  15  0:54  Drone  
  17  0:57  Drone  
  18  1:08  Extractor  
  17  1:13  Spawning Pool  
  17  1:15  Drone  
  17  1:18  Drone  
  18  1:27  Drone  
  19  2:00  Zergling x8  
  23  2:01  Queen x2  
  27  2:11  Zergling x2  
  27  2:16  Overlord  
  25  2:30  Drone x2  
  25  2:36  Drone  
  27  2:42  Queen  
  29  2:54  Overlord  
  29  2:55  Drone x2  
  29  2:57  Drone  
  32  3:04  Drone  
  33  3:12  Drone  
  33  3:13  Drone x3  
  36  3:23  Zergling x4  
  36  3:24  Spine Crawler  
  36  3:35  Zergling x6  
  34  3:43  Zergling x2  
  18  4:02  Zergling x2  
  18  4:15  Zergling x2  

Tags
 
Add a new tag
Caveats
  • Supply blocks, unpowered buildings, or Contaminate may cause inaccurate times.
  • Supply counts are checked every 10 seconds.